 Dungeon Crawl Stone Soup version 0.31-b1-22-gc680215f68 (webtiles) character file.

Game seed: 1538188638515872051

37 monsoonserge the Sneak (level 3, 0/16 HPs)
             Began as a Spriggan Enchanter on Jan 19, 2024.
             Succumbed to a hobgoblin's poison
             ... on level 2 of the Dungeon.
             The game lasted 00:03:42 (977 turns).

monsoonserge the Sneak (Spriggan Enchanter)          Turns: 977, Time: 00:03:43

Health: 0/16       AC:  2    Str:  4    XL:     3   Next: 23%
Magic:  8/8        EV: 17    Int: 18    God:
Gold:   77         SH:  0    Dex: 15    Spells: 6/8 levels left

rFire   . . .        a - +1 dagger
rCold   . . .        (no shield)
rNeg    . . .        b - +0 robe
rPois   .            (helmet restricted)
rElec   .            (no cloak)
rCorr   .            (gloves unavailable)
SInv    +            (boots unavailable)
Will    +....        (no amulet)
Stlth   +++          (no ring)
HPRegen 0.22/turn    (no ring)
MPRegen 0.11/turn

%: no passive effects
@: lethally poisoned (0 -> -10), enlightened, flying, very quick
A: very small, no large weapons, unfitting armour, see invisible, speed 3
a: no special abilities


You were on level 2 of the Dungeon.
You visited 1 branch of the dungeon, and saw 2 of its levels.

You collected 77 gold pieces.

Inventory:

Hand Weapons
 a - a +1 dagger (weapon)
Armour
 b - a +0 robe (worn)
Scrolls
 d - a scroll of summoning {unknown}
 h - a scroll of teleportation {unknown}
 i - 2 scrolls of identify {unknown}
 j - a scroll of immolation {unknown}
Potions
 c - 2 potions of invisibility
 f - a potion of heal wounds {unknown}
 g - a potion of curing {unknown}
 k - a potion of ambrosia {unknown}


   Skills:
 * Level 1.3 Short Blades
 + Level 3.2 Dodging
 + Level 5.0 Stealth
 - Level 3.0 Spellcasting
 + Level 4.1 Hexes
 * Level 0.5 Ice Magic


You had 6 spell levels left.
You knew the following spells:

 Your Spells              Type           Power      Damage    Failure   Level
a - Ensorcelled Hibernat  Hex/Ice        22%        N/A       10%         2

Your spell library contained the following spells:

 Spells                   Type           Power      Damage    Failure   Level
 Confusing Touch          Hex            17%        N/A       9%          3
 Tukima's Dance           Hex            17%        N/A       9%          3
 Dazzling Flash           Conj/Hex       20%        N/A       22%         3


Dungeon Overview and Level Annotations

Branches:
Dungeon (2/15)

Altars:


Innate Abilities, Weirdness & Mutations

You are very small and have problems with some larger weapons.
You are too small for most types of armour.
You have supernaturally acute eyesight. (SInv)
You cover ground extremely quickly. (Speed+++)


Message History

You feel clever. x2
You are mildly poisoned (4 -> 3).
You are very lightly contaminated with residual magic.
Your movement speed is very quick.
Your attack delay is about 0.9.
Your damage rating with your +1 dagger is about 5 (Base 4 x 112% (Dex) x 102% (Skill) + 1 (Ench)).
You start resting.
You feel sick.
You are no longer poisoned.
You start resting.
Your magical contamination has completely faded away.
You start resting.
HP restored.
You climb downwards.
The goblin hits you with a +0 dagger. x2
There is a stone staircase leading up, spattered with blood here.
You miss the goblin. The goblin barely misses you.
You hit the goblin.
The goblin is moderately wounded.
The goblin closely misses you.
You hit the goblin.
You kill the goblin!
You hit the hobgoblin but do no damage. The hobgoblin closely misses you.
You hit the hobgoblin.
The hobgoblin is heavily wounded.
The hobgoblin closely misses you.
You hit the hobgoblin.
The hobgoblin is severely wounded.
The hobgoblin misses you.
You hit the hobgoblin.
The hobgoblin is almost dead.
The hobgoblin hits you with a +4 hand axe of venom!
Ouch! That really hurt!
You are lethally poisoned!
You barely miss the hobgoblin.
The hobgoblin is almost dead.
* * * LOW HITPOINT WARNING * * *
You feel very sick. The hobgoblin misses you.
Unknown command.
It was a potion of enlightenment.
You feel very buoyant.
You fly up into the air.
You die...

#..........
##..........
#...........
+........... #+#
###.#..... .. ##.##
##.##.##.###.#
##...###...##.....g..
#.....#.....#........
+..<@g'.....'........
#...).#.....#........
##...###...###.......
##.## ##.## ##......
#+# ### ##.....
+..... #..... ......
......


You could see a hobgoblin.

Vanquished Creatures
  An adder (D:1)
  A dart slug (D:1)
  4 endoplasms (D:1)
  A giant cockroach (D:2)
  A goblin (D:2)
  3 kobolds (D:1)
  4 quokkas
  4 ball pythons (D:1)
  2 bats (D:1)
  3 frilled lizards (D:1)
  A rat (D:1)
25 creatures vanquished.

Notes
Turn   | Place    | Note
-------+----------+-------------------------------------------
     0 | D:1      | monsoonserge the Spriggan Enchanter began the quest for the
                  | Orb.
     0 | D:1      | Reached XP level 1. HP: 9/9 MP: 5/5
   171 | D:2      | Reached XP level 2. HP: 8/13 MP: 6/6
   183 | D:2      | Learned a level 2 spell: Ensorcelled Hibernation
   908 | D:1      | Reached skill level 5 in Stealth
   908 | D:1      | Reached XP level 3. HP: 4/16 MP: 1/8
   977 | D:2      | Succumbed to a hobgoblin's poison

Illustrated notes

Levels and vault maps discovered:
D:1:      psy_arrival_basics, layout_rooms, serial_forest,
          infiniplex_forest_end_1, infiniplex_forest_end_2,
          infiniplex_forest_straight_2, infiniplex_forest_straight_2,
          infiniplex_forest_corner_1, infiniplex_forest_lined_room_
D:2:      layout_rooms, serial_shops, nicolae_diamond_shop, kennysheep_doodads,
          nicolae_hexahallways, uniq_robin

Skill      XL: |  1  2 |
---------------+-------+-----
Hexes          | 4 |  4.1
Spellcasting   | 3 |  3.0
Dodging        | 3 |  3.2
Stealth        | 5 |  5.0
Short Blades   | |  1.3
Ice Magic      | |  0.5

Action                     || total
---------------------------++-------
  Melee: Dagger            ||    99
         Punch             ||     1
   Cast: Ensorcelled Hiber ||     2
    Use: Potion            ||     1
   Stab: Sleeping          ||     8
 Armour: Robe              ||    40
  Dodge: Dodged            ||    95
